 Dungeon Crawl Stone Soup version 0.23-a0-690-g0a1fc62c7c (webtiles) character file.

37 Morbidden the Cutter (level 3, -4/29 HPs)
             Began as a Demonspawn Monk on Jan 11, 2019.
             Was a Priest of Cheibriados.
             Slain by Terence
             ... wielding a +0 short sword
              (5 damage)
             ... on level 2 of the Dungeon.
             The game lasted 00:03:25 (1124 turns).

Morbidden the Cutter (Demonspawn Monk)              Turns: 1124, Time: 00:03:26

Health: -4/29      AC:  3    Str: 18    XL:     3   Next: 21%
Magic:  3/3        EV: 14    Int: 18    God:    Cheibriados [***...]
Gold:   136        SH:  0    Dex: 23    Spells: 2/2 levels left

rFire    . . .     SeeInvis .   i - +0 dagger (vamp)
rCold    . . .     Gourm    .   (no shield)
rNeg     . . .     Faith    .   b - +0 robe
rPois    .         Spirit   .   (helmet restricted)
rElec    .         Reflect  .   h - +0 cloak
rCorr    .         Harm     .   (no gloves)
MR       .....                  (no boots)
Stlth    ++........             (no amulet)
HPRegen  0.09/turn              (no ring)
MPRegen  0.08/turn              (no ring)

@: very slow
A: antennae 1, rot immunity
a: Bend Time, Temporal Distortion, Renounce Religion


You were on level 2 of the Dungeon.
You worshipped Cheibriados.
Cheibriados was most pleased with you.
You were not hungry.

You visited 1 branch of the dungeon, and saw 2 of its levels.

You collected 136 gold pieces.

Inventory:

Hand Weapons
 i - a +0 vampiric dagger (weapon)
Armour
 b - a +0 robe (worn)
 h - a +0 cloak (worn)
Scrolls
 c - a scroll of identify
 d - a scroll of magic mapping {unknown}
 f - a scroll of remove curse
Potions
 a - a potion of invisibility {unknown}
 g - a potion of curing {unknown}


   Skills:
 + Level 3.1 Fighting
 * Level 3.4 Short Blades
 + Level 3.1 Dodging
 + Level 1.8 Stealth


You had 2 spell levels left.
You didn't know any spells.
Your spell library was empty.

Dungeon Overview and Level Annotations

Branches:
Dungeon (2/15)

Altars:
Cheibriados
Vehumet

Annotations:
D:2 Sigmund, Terence


Innate Abilities, Weirdness & Mutations

You have a pair of small antennae on your head.
You are immune to rotting.


Message History

Terence is almost dead.
Terence hits you but does no damage.
You completely miss Terence.
Terence is almost dead.
Terence closely misses you.
You barely miss Terence.
Terence is almost dead.
Terence says, "How do you enjoy it?" Terence hits you with a +0 short sword.
* * * LOW HITPOINT WARNING * * *
You hit Terence but do no damage.
Terence is almost dead.
Terence hits you with a +0 short sword.
* * * LOW HITPOINT WARNING * * *
You hit Terence.
Terence is almost dead.
You closely miss Terence.
Terence is almost dead.
Terence hits you with a +0 short sword.
You die...

#.# #.# #.#
######.# #.#
#......#
#.#####.####.#
#.......#####
#...........#
#...###.###.#
#...#...# #@#
#...#....##@###
#......_....[.#
###.##....#...#
#.###...#...# #
#.# #...# ...
!......
###........>..
.....###.#####


You could see Terence.

Vanquished Creatures
  A worm (D:2)
  2 leopard geckos
  8 bats
  2 giant cockroaches (D:1)
  3 hobgoblins
  2 jackals (D:1)
  A frilled lizard (D:1)
  5 goblins
  2 kobolds
  3 rats
29 creatures vanquished.

Notes
Turn   | Place    | Note
-------+----------+-------------------------------------------
     0 | D:1      | Morbidden the Demonspawn Monk began the quest for the Orb.
     0 | D:1      | Reached XP level 1. HP: 18/18 MP: 1/1
    38 | D:1      | Found a snail-covered altar of Cheibriados.
    56 | D:1      | Became a worshipper of Cheibriados the Contemplative
    56 | D:1      | Reached * piety under Cheibriados
    56 | D:1      | Reached ** piety under Cheibriados
   339 | D:1      | Gained mutation: You are immune to rotting. [demonic
                  | ancestry]
   339 | D:1      | Reached XP level 2. HP: 22/24 MP: 2/2
   825 | D:2      | Noticed Sigmund
   979 | D:2      | Reached *** piety under Cheibriados
  1011 | D:2      | Gained mutation: You have a pair of small antennae on your
                  | head. [demonic ancestry]
  1011 | D:2      | Reached XP level 3. HP: 29/29 MP: 3/3
  1038 | D:2      | Found a radiant altar of Vehumet.
  1050 | D:2      | Noticed Terence
  1122 | D:2      | HP: 1/29 [Terence/+0 short sword (1)]
  1124 | D:2      | Slain by Terence

Vault maps used:
D:1:      nicolae_arrival_somewhat_less_tricky_arrival, cheibriados_altar_1
D:2:      nicolae_overflow_crystal_walls, uniq_sigmund, uniq_terence

Skill      XL: |  1  2 |
---------------+-------+-----
Short Blades   | 3 |  3.4
Dodging        | 3 |  3.1
Fighting       | |  3.1
Stealth        | |  1.8

Action                   || total
-------------------------++-------
Melee: Dagger            ||   164
       Short sword       ||    14
  Use: Scroll            ||     4
 Stab: Sleeping          ||     5
  Eat: Ration            ||     1
Armor: Robe              ||    58
Dodge: Dodged            ||   172

Table legend:
 A = Non-vault XP
 B = Vault XP
 C = Vault XP percentage of total XP
 D = Non-vault monster count
 E = Vault monster count
 F = Vault count percentage of total count
                 A         B        C        D         E       F
            +---------+---------+-------+---------+---------+-------
      Total |      53 |       0 |   0.0 |      29 |       0 |   0.0
            +---------+---------+-------+---------+---------+-------
        D:1 |      31 |       0 |   0.0 |      18 |       0 |   0.0
        D:2 |      22 |       0 |   0.0 |      11 |       0 |   0.0
            +---------+---------+-------+---------+---------+-------
